 Dungeon Crawl Stone Soup version 0.31.0-11-ge490571c62 (webtiles) character file.

Game seed: 15570096673872025010

602 jestert79 the Basher (level 7, -1/55 HPs)
             Began as a Purple Draconian Warper on Jan 31, 2024.
             Killed from afar by an orc wizard (9 damage)
             ... with a magic dart
             ... on level 5 of the Dungeon.
             The game lasted 00:14:53 (4581 turns).

jestert79 the Basher (Purple Draconian Warper)      Turns: 4581, Time: 00:14:54

Health: -1/55      AC:  7    Str: 17    XL:     7   Next: 18%
Magic:  10/10      EV: 12    Int: 16    God:
Gold:   207        SH:  0    Dex: 10    Spells: 8/10 levels left

rFire   . . .        a - +0 flail
rCold   . . .        (no shield)
rNeg    . . .        (body armour unavailable)
rPois   .            (helmet restricted)
rElec   .            i - +0 cloak
rCorr   +            (no gloves)
SInv    .            (no boots)
Will    +....        (no amulet)
Stlth   +            l - ring of the Spinneret {rCorr Str+4}
HPRegen 0.29/turn    (no ring)
MPRegen 0.12/turn

%: no passive effects
@: short of breath
A: breathe power, AC +6, unfitting armour, cold-blooded
a: Breathe Dispelling Energy


You were on level 5 of the Dungeon.
You visited 1 branch of the dungeon, and saw 5 of its levels.

You collected 207 gold pieces.

Inventory:

Hand Weapons
 a - a +0 flail (weapon)
 o - a +0 mace of holy wrath
Missiles
 c - 7 darts of dispersal
 m - 4 atropa-tipped darts
 n - 10 poisoned darts (quivered)
 p - a throwing net
 q - 2 curare-tipped darts
Armour
 i - a +0 cloak (worn)
Jewellery
 l - the ring of the Spinneret (left hand) {rCorr Str+4}
   (You took it off a kobold on level 2 of the Dungeon)

   [ring of resist corrosion]

   Str+4:     It affects your strength (+4).
   rCorr:     It protects you from acid and corrosion.
Talismans
 e - a beast talisman
Scrolls
 b - 3 scrolls of blinking
 d - 3 scrolls of teleportation
 g - 2 scrolls of vulnerability
 j - a scroll of poison
Potions
 f - a potion of magic
 h - 2 potions of enlightenment {unknown}
 k - a potion of berserk rage {unknown}
 r - a potion of curing {unknown}


   Skills:
 - Level 2.1 Fighting
 + Level 8.0 Maces & Flails
 - Level 0.8 Throwing
 - Level 2.1 Dodging
 - Level 2.4 Spellcasting
 - Level 3.0 Translocations


You had 8 spell levels left.
You knew the following spells:

 Your Spells              Type           Power      Damage    Failure   Level
a - Blink                 Tloc           22%        N/A       9%          2

Your spell library contained the following spells:

 Spells                   Type           Power      Damage    Failure   Level
 Lesser Beckoning         Tloc           22%        N/A       9%          2
 Teleport Other           Tloc           11%        N/A       17%         3
 Necrotise                Necr           4%         1d4       21%         1
 Manifold Assault         Tloc           11%        N/A       50%         4
 Hailstorm                Conj/Ice       1%         3d5       52%         3
 Summon Ice Beast         Ice/Summ       1%         N/A       52%         3
 Vampiric Draining        Necr           1%         2d6       52%         3
 Vhi's Electric Charge    Tloc/Air       12%        N/A       71%         4
 Brom's Barrelling Bould  Conj/Erth      1%         2d3       89%         4
 Martyr's Knell           Necr/Summ      1%         N/A       89%         4
 Curse of Agony           Necr           1%         N/A       99%         5
 Sculpt Simulacrum        Ice/Alch       0%         N/A       100%        6
 Haunt                    Necr/Summ      0%         N/A       100%        7
 Lehudib's Crystal Spear  Conj/Erth      0%         10d2      100%        8


Dungeon Overview and Level Annotations

Branches:
Dungeon (5/15)
 Temple: D:4-7

Altars:
Elyvilon


Innate Abilities, Weirdness & Mutations

You can breathe bolts of dispelling energy.
Your rich purple scales are hard. (AC +6)
You cannot fit into any form of body armour.
You are cold-blooded and may be slowed by cold attacks.


Message History

Unknown command.
You closely miss something.
Your tail-slap misses something.
Something hits you but does no damage.
You closely miss something. Something hits you.
* * * LOW HITPOINT WARNING * * *
Unknown command.
You barely miss something. Something hits you.
* * * LOW HITPOINT WARNING * * *
You closely miss something. You tail-slap something. Something hits you.
* * * LOW HITPOINT WARNING * * *
You miss something.
Your tail-slap misses something.
Something hits you but does no damage.
Unknown command.
Unknown command.
Okay, then.
Unknown command.
Unknown command.
You closely miss something. Something hits you.
* * * LOW HITPOINT WARNING * * *
You completely miss something.
Your tail-slap misses something.
Your punch misses something. Something hits you but does no damage.
You barely miss something. Something hits you.
* * * LOW HITPOINT WARNING * * *
You miss something. Something hits you.
* * * LOW HITPOINT WARNING * * *
You hit something.
Your tail-slap misses something.
Something hits you.
* * * LOW HITPOINT WARNING * * *
You barely miss something.
You hear some strange, mumbled words.
Something tries to affect you, but you resist.
You miss something.
You hear some strange, mumbled words.
A magic dart appears from out of thin air!
The magic dart hits you.
* * * LOW HITPOINT WARNING * * *
You hit something.
You hear some strange, mumbled words.
A magic dart appears from out of thin air!
The magic dart hits you!
You die...

#.# #.# #.# #.# #.#
#.# #### ######.###..
.........##{#
#.#######..##@##.#
.###. ..............#
~~~~~#####.#..##.####
≈≈≈≈~~~~##.......#
≈≈≈≈≈≈≈~~~.....###
~~~~≈≈≈≈≈~~~)###
...~~~~≈≈≈≈~.# ##.#
#~~~≈≈~.# ...#
###~~~~)#


There were no monsters in sight!

Vanquished Creatures
  2 ogres (D:4)
  A bullfrog (D:4)
  2 hounds (D:4)
  An orc priest (D:5)
  Natasha (D:2)
  2 orc wizards (D:4)
  Robin (D:2)
  6 gnolls
  3 ribbon worms
  6 orcs
  7 bats
  15 endoplasms
  12 giant cockroaches
  18 goblins
  8 hobgoblins
  3 jackals (D:1)
  2 quokkas
  11 ball pythons
  A frilled lizard (D:2)
  9 kobolds
  10 rats
121 creatures vanquished.

Notes
Turn   | Place    | Note
-------+----------+-------------------------------------------
     0 | D:1      | jestert79 the Draconian Warper began the quest for the Orb.
     0 | D:1      | Reached XP level 1. HP: 17/17 MP: 3/3
     2 | D:1      | Found a runed translucent door.
   172 | D:1      | Reached XP level 2. HP: 21/24 MP: 5/5
   219 | D:1      | Reached skill level 3 in Maces & Flails
   637 | D:1      | Reached XP level 3. HP: 21/29 MP: 6/6
   789 | D:2      | Noticed Robin
   867 | D:1      | Reached skill level 4 in Maces & Flails
   959 | D:2      | Noticed Natasha
  1202 | D:2      | Learned a level 2 spell: Blink
  1380 | D:2      | Reached XP level 4. HP: 36/36 MP: 7/7
  1619 | D:2      | Found a white marble altar of Elyvilon.
  1653 | D:2      | Identified the ring of the Spinneret {rCorr Str+4}
  1778 | D:2      | Killed Robin
  1817 | D:2      | Killed Natasha
  1818 | D:2      | Reached skill level 5 in Maces & Flails
  2352 | D:3      | Reached XP level 5. HP: 37/41 MP: 8/8
  3080 | D:4      | Reached skill level 6 in Maces & Flails
  3114 | D:4      | Got Guupsaot's Secrets of Assembled Breccia
  3203 | D:4      | Reached XP level 6. HP: 11/48 MP: 9/9
  3836 | D:4      | Reached skill level 7 in Maces & Flails
  4429 | D:5      | Entered Level 5 of the Dungeon
  4465 | D:4      | Your scales start taking on a rich purple colour.
  4465 | D:4      | Reached XP level 7. HP: 53/55 MP: 10/10
  4562 | D:5      | Reached skill level 8 in Maces & Flails
  4581 | D:5      | Killed from afar by an orc wizard

Illustrated notes

Levels and vault maps discovered:
D:1:      dpeg_arrival_caged_fury, layout_loops_cross, chequers_jeans
D:2:      layout_basic, serial_glass, glass_columns_a, glass_columns_b,
          basic_altar, uniq_robin, uniq_natasha
D:3:      layout_basic
D:4:      layout_loops_cross
D:5:      wander_river, layout_basic, minmay_temple_entry_poolview

Skill      XL: |  1  2  3  4  5  6  7 |
---------------+----------------------+-----
Maces & Flails | 3 4 5 6 7 8 |  8.0
Fighting       | |  2.1
Throwing       | |  0.8
Dodging        | |  2.1
Spellcasting   | |  2.4
Translocations | |  3.0

Action                     |  1- 3 |  4- 6 |  7- 9 || total
---------------------------+-------+-------+-------++-------
  Melee: Mace              |   173 |   216 |     6 ||   395
         Tailslap          |    18 |    27 |     3 ||    48
         Unarmed           |       |    12 |       ||    12
         Punch             |       |     1 |       ||     1
         Flail             |       |       |    24 ||    24
  Throw: Dart              |       |     5 |       ||     5
Ability: Breathe Dispellin |       |       |     1 ||     1
    Use: Scroll            |       |     6 |       ||     6
 Armour: Skin              |   101 |   162 |    21 ||   284
  Dodge: Dodged            |   130 |   174 |     7 ||   311
